[Event "*** Titled Tuesday Blitz"]
[Site "Chess.com"]
[Date "2020.11.24"]
[Round "3"]
[White "Shuvalov"]
[Black "LPSupi"]
[Result "0-1"]
[WhiteElo "2460"]
[BlackElo "2929"]
[TimeControl "180+1"]
[EndTime "10:45:30 PST"]
[Termination "LPSupi won by checkmate"]

1. Nf3 Nf6 2. c4 e6 3. g3 d5 4.
Bg2 Be7 5. O-O O-O 6. b3 b6 7. Bb2 Ba6 8. d3 c5 9. e3 Nc6 10. Qe2 Rc8 11. Nc3 Rc7 12. Rfd1 Rd7 13. Rac1 Qb8 14.
Bh3 Rfd8 15. Ne1 Bb7 16. cxd5 Nxd5 17. Nxd5 Rxd5 18. Bg2 R5d7 19. a3 Na5 20. Bxb7 Qxb7 21. Qc2 Qd5 22. Rb1 Qxb3 23. Qxb3 Nxb3 24. Bxg7 c4 25.
Bb2 cxd3 26. Bc3 Nc5 27. Bb4 e5 28. f3 f5 29. g4 fxg4 30. fxg4 e4 31. Ng2 Na4 32.
Bxe7 Rxe7 33. Rbc1 Red7 34. Nf4 Nc5 35. Rc4 Rg7 36.
h3 Rf7 37. Kg2 Rxf4 38. exf4 e3 39. Kf3 e2 40. Rb1 Nb3 41. Kf2 Re8 42. Rc8 Rxc8 43.
Rxb3 Re8 44. Rb1 d2 45. Kf3 e1=Q 46. Rxe1 dxe1=Q 47. g5 Qd1+ 48. Kg3 Qb3+ 49. Kg4 Qxa3 50. h4 Qb4 51. h5 Rf8 52. Kh3 Qxf4 53. g6 hxg6 54.
hxg6 Re8 55. g7 Re3+ 56. Kg2 Qg4+ 57. Kf2 Re2+ 58. Kf1 Qg2# 0-1

[Event "*** Titled Tuesday Blitz"]
[Site "Chess.com"]
[Date "2020.11.24"]
[Round "3"]
[White "Fortitudine"]
[Black "pedromartinez91"]
[Result "0-1"]
[WhiteElo "2347"]
[BlackElo "2528"]
[TimeControl "180+1"]
[EndTime "10:45:31 PST"]
[Termination "pedromartinez91 won by checkmate"]

1. c4 Nf6 2. g3 Nc6 3. Bg2 d6 4.
Nc3 g6 5. e4 Bg7 6. d3 O-O 7.
Nge2 a6 8. O-O Rb8 9. a4 a5 10. h3 e5 11. Be3 Nd7 12. d4 exd4 13. Nxd4 Nc5 14. Ndb5 Be6 15. b3 Nb4 16. Nd4 Bd7 17. Rb1 Re8 18. Re1 c6 19. Re2 Qc7 20. Kh2 Rbd8 21.
Qd2 Bc8 22. Bg5 Rd7 23. h4 Ne6 24. Nxe6 fxe6 25. Rd1 Rf7 26. Be3 Ref8 27. f4 e5 28. Rf1 Bg4 29. Ree1 Qe7 30. Bf3 exf4 31. Bxf4 Rxf4 32.
gxf4 Qxh4+ 33. Kg1 Qg3+ 34. Qg2 Qxg2+ 35. Kxg2 Rxf4 36.
Ne2 Bxf3+ 37. Rxf3 Rxe4 38. Rf2 Nd3 39. Ref1 Nxf2 40. Rxf2 d5 41. cxd5 cxd5 42. Nc1 Re3 43. Rd2 d4 44. Nd3 h5 45. Nc5 h4 46. Nxb7 Rg3+ 47. Kh2 Rxb3 48. Nxa5 Be5+ 49. Kg2 Rg3+ 50.
Kh1 h3 51. Nc4 Bf6 52. Rf2 Kg7 53. Nd6 Be5 54. Ne4 Re3 55. Ng5 Re1+ 56. Rf1 Rxf1# 0-1

[Event "*** Titled Tuesday Blitz"]
[Site "Chess.com"]
[Date "2020.11.24"]
[Round "3"]
[White "MaxLeto"]
[Black "Matols"]
[Result "1-0"]
[WhiteElo "2413"]
[BlackElo "2254"]
[TimeControl "180+1"]
[EndTime "10:45:32 PST"]
[Termination "MaxLeto won on time"]

1. g4 d5 2. g5 e5 3. d4 exd4 4. Qxd4 Nc6 5. Qd1 Bd6 6. Bg2 Nge7 7. Nc3 Be6 8. Nb5 Bc5 9. Bf4 Bb6 10. Nf3 a6 11. Nbd4 Nxd4 12. Nxd4 Ng6 13. Qd2 Nxf4 14.
Qxf4 Bxd4 15. Qxd4 Qxg5 16. Bf3 Qf6 17. Qa4+ b5 18. Qb3 Rd8 19. O-O-O c5 20. Kb1 c4 21. Qa3 Qe7 22. Qxa6 O-O 23. Qxb5 Rb8 24. Qa5 Qf6 25. b3 Ra8 26. Qc5 cxb3 27. Qd4 bxa2+ 28. Ka1 Qg6 29. Bxd5 Qxc2 30. Qd2 Qxd2 31. Rxd2 Rad8 32. Rhd1 Bxd5 33.
Rxd5 Ra8 34. R5d2 h5 35. Rxa2 Rxa2+ 36. Kxa2 Rb8 37. Rd2 Kh7 38. Ka3 Kg6 39. Rd4 f6 40. h4 Kf5 41. e3 g5 42. hxg5 fxg5 43. Rd5+ Kg6 44. e4 h4 45. Rd3 g4 46. Re3 1-0

[Event "*** Titled Tuesday Blitz"]
[Site "Chess.com"]
[Date "2020.11.24"]
[Round "3"]
[White "Marty435"]
[Black "Chessdude1987"]
[Result "1-0"]
[WhiteElo "2529"]
[BlackElo "2357"]
[TimeControl "180+1"]
[EndTime "10:45:33 PST"]
[Termination "Marty435 won on time"]

1. b3 e5 2. Bb2 d6 3. Nf3 Nf6 4. e3 g6 5. d4 e4 6. Nfd2 Bg7 7. c4 O-O 8. Be2 Qe7 9. Nc3 h5 10. Qc2 Bf5 11. h3 c5 12. d5 h4 13. O-O-O a6 14.
g4 hxg3 15. fxg3 Re8 16. g4 Bc8 17. g5 Nh7 18. h4 Bf5 19. Rdf1 Qd7 20. Rfg1 b5 21. cxb5 Qe7 22. b6 Nd7 23. Nc4 Reb8 24. Na4 Ne5 25. Bxe5 Bxe5 26. Na5 Bd7 27. Nc6 Qe8 28.
Nxb8 Rxb8 29. Bxa6 Bxa4 30. bxa4 Rxb6 31. Bb5 Qe7 32.
Rg4 Qa7 33. Rxe4 Qa5 34. Rc4 Rb8 35. h5 Nf8 36. hxg6 Nxg6 37. Qd2 Qd8 38. Qg2 Qe7 39. Qh3 Kf8 40. Qh6+ Bg7 41. Qh5 Qe5 42. Qf3 Qb2+ 43. Kd1 Qxa2 44. Rc2 Qb3 45. Qe2 Qb1+ 46.
Rc1 Qb3+ 47. Ke1 Qb4+ 48. Kf2 Ne5 49. Rh3 1-0

[Event "*** Titled Tuesday Blitz"]
[Site "Chess.com"]
[Date "2020.11.24"]
[Round "3"]
[White "bazar-wokzal"]
[Black "VladaSviridova"]
[Result "0-1"]
[WhiteElo "2518"]
[BlackElo "2284"]
[TimeControl "180+1"]
[EndTime "10:45:33 PST"]
[Termination "VladaSviridova won by resignation"]

1. e4 e6 2. d4 d5 3. exd5 exd5 4.
Nf3 Bd6 5. c4 Nf6 6. c5 Be7 7.
Bd3 O-O 8. O-O b6 9. cxb6 axb6 10. Re1 c5 11. Nc3 Nc6 12. h3 Bb7 13. Bf4 h6 14. Nb5 c4 15. Bb1 Bb4 16. Re2 Re8 17. Rxe8+ Nxe8 18. Qc2 Nf6 19. Bc7 Qd7 20. Bxb6 Re8 21.
Qf5 Qe7 22. a3 Bd6 23. Nxd6 Qxd6 24. Bc5 Qc7 25. Bc2 Bc8 26. Bb6 Bxf5 27. Bxc7 Bxc2 28. a4 Rc8 29. Bb6 Nd7 30. a5 Ra8 31. Rc1 Be4 32.
Bc7 Bxf3 33. gxf3 Ra7 34. Bb6 Nxb6 35. axb6 Rb7 36. b3 Rxb6 37. bxc4 Nxd4 38. Kg2 dxc4 39. Rxc4 Ne6 40. f4 Kh7 41. f5 Ng5 42. h4 Rb5 43. hxg5 hxg5 44. f6 gxf6 45. Kg3 f5 46. f4 Rb3+ 47. Kg2 g4 48. Rc6 Kg7 49. Rc5 Kf6 50. Rc6+ Ke7 51. Rc5 Ke6 52. Rc6+ Kd5 53. Rf6 Ke4 54. Rxf7 Kxf4 55. Rb7 Rxb7 56. Kf2 Rb2+ 57. Ke1 Kf3 58. Kd1 Ke3 59. Kc1 Rf2 60. Kd1 g3 0-1

[Event "*** Titled Tuesday Blitz"]
[Site "Chess.com"]
[Date "2020.11.24"]
[Round "3"]
[White "santosalberto1987"]
[Black "Alexander_Kachko"]
[Result "0-1"]
[WhiteElo "2454"]
[BlackElo "2775"]
[TimeControl "180+1"]
[EndTime "10:45:34 PST"]
[Termination "Alexander_Kachko won on time"]

1. e4 Nc6 2. Nf3 d6 3. d4 g6 4. Nc3 Bg7 5. Be3 Bd7 6. Qd2 e5 7. Bc4 Nf6 8. dxe5 Nxe5 9. Nxe5 dxe5 10. Bh6 O-O 11. O-O-O Be6 12. Bxg7 Qxd2+ 13. Rxd2 Kxg7 14. Bxe6 fxe6 15. f3 a6 16. Rhd1 Kf7 17. Ne2 Ke7 18.
b3 g5 19. h3 h5 20. g4 hxg4 21. hxg4 Rh8 22. Ng3 Rad8 23. Rxd8 Rxd8 24. Rxd8 Kxd8 25. Kd2 Ke7 26. Kd3 Kd6 27. b4 c5 28. a3 b5 29.
Nf1 c4+ 30. Ke3 Nd7 31. Ng3 Nb6 32. Nh1 Na4 33. Nf2 Nc3 34. Nh3 Nb1 35. Nxg5 Ke7 36.
Nh3 Nxa3 37. Kd2 Nb1+ 38. Kc1 Nc3 39. Kd2 Nb1+ 40. Kc1 Nc3 41. Kd2 Na4 42. Nf2 Kf6 43. Nh3 Nb6 44. Ke3 Nd7 45. c3 Nb8 46. f4 exf4+ 47.
Kxf4 e5+ 48. Ke3 Nc6 49. Kd2 a5 50. bxa5 Nxa5 51. Kc2 Nb3 52. Kb2 Nc5 53. Nf2 Kg5 54. Ka3 Nd3 55. Nd1 Kxg4 56. Ne3+ Kf4 57. Nd5+ Kxe4 58.
Nc7 Ke3 59. Nxb5 Kd2 60. Ka4 Kc2 0-1

[Event "*** Titled Tuesday Blitz"]
[Site "Chess.com"]
[Date "2020.11.24"]
[Round "3"]
[White "seorobert1971"]
[Black "Azerichess"]
[Result "0-1"]
[WhiteElo "2703"]
[BlackElo "2965"]
[TimeControl "180+1"]
[EndTime "10:45:36 PST"]
[Termination "Azerichess won by resignation"]

1. e4 c6 2. Nc3 d5 3. Nf3 Bg4 4. h3 Bxf3 5. Qxf3 e6 6. g3 Bc5 7. Bg2 Ne7 8. O-O O-O 9. Rd1 d4 10. Nb1 a5 11. d3 Nd7 12. a4 b5 13. Qe2 Nb6 14. axb5 cxb5 15. f4 a4 16. Nd2 b4 17.
e5 Nbd5 18. Nc4 Qc7 19. Kh2 Rfc8 20. Rf1 Ra7 21. g4 Nb6 22. Nxb6 Bxb6 23. Rf2 h6 24. Kh1 Ra5 25. Bd2 a3 26. b3 Qc5 27. f5 Nd5 28. f6 Ne3 29. fxg7 Qxe5 30. Bxb4 Rxc2 31. Qf3 Rxf2 32.
Qxf2 Ra7 33. Rxa3 Rxa3 34. Bxa3 Bc7 35. Be4 Qa5 36. Bf8 Qa1+ 37. Qg1 Qb2 38. b4 Qe2 39. Be7 Nf1 40. Bh4 Nd2 41. Qg2 Qd1+ 42. Qg1 Qe2 43.
Qg2 Qd1+ 44. Qg1 Qb3 45. Qf2 Nxe4 46. dxe4 Qxh3+ 47. Kg1 Qxg4+ 48. Kf1 Qxe4 49. b5 Qd3+ 50. Kg2 Qxb5 51. Qxd4 Qd5+ 52. Qxd5 exd5 53. Bf6 Bf4 54.
Kf3 Bg5 55. Bd4 f6 56. Kg4 Kxg7 57. Kf5 Kf7 0-1

[Event "*** Titled Tuesday Blitz"]
[Site "Chess.com"]
[Date "2020.11.24"]
[Round "3"]
[White "tan275"]
[Black "ExtremeLearner"]
[Result "1-0"]
[WhiteElo "2202"]
[BlackElo "2383"]
[TimeControl "180+1"]
[EndTime "10:45:37 PST"]
[Termination "tan275 won by resignation"]

1. d4 d5 2. c4 e6 3. Nf3 Nf6 4. g3 Bb4+ 5. Bd2 Be7 6. Nc3 O-O 7. Bg2 dxc4 8. O-O a6 9. Bf4 b5 10. Ne5 Nd5 11. a4 b4 12. Nxd5 exd5 13. Nxc4 Bb7 14. Na5 Bc8 15. Rc1 c5 16. dxc5 Qxa5 17. Bxd5 Bh3 18. Bxa8 Bxf1 19. Kxf1 Bxc5 20. Qd5 Bb6 21.
Qxa5 Bxa5 22. Bb7 Nd7 23. Bxa6 Nb6 24. Bc7 g6 25. Rc6 Ra8 26. Bb7 Ra7 27. Bxb6 Rxb7 28.
Bxa5 b3 29. Bc3 Kf8 30. a5 Ke7 31. a6 Rd7 32. Rb6 Kd8 33. Rb7 Rxb7 34. axb7 Kc7 35. Kg2 Kxb7 36. Kf3 Kc6 37. Kf4 Kd7 38. Kg5 Ke6 39.
Kh6 Kf5 40. Kxh7 Kg4 41. h4 Kh3 42. Kg7 Kg2 43. Kxf7 Kxf2 44. Kxg6 Kxg3 45. h5 Kh4 46. h6 Kg4 47. h7 Kf4 48. h8=Q Ke3 49. Qd4+ Kxe2 50.
Kf5 Kf3 51. Qd3+ Kg2 52. Kg4 Kg1 53. Qd2 1-0

[Event "*** Titled Tuesday Blitz"]
[Site "Chess.com"]
[Date "2020.11.24"]
[Round "3"]
[White "cukin84"]
[Black "andrzej"]
[Result "0-1"]
[WhiteElo "2155"]
[BlackElo "2391"]
[TimeControl "180+1"]
[EndTime "10:45:37 PST"]
[Termination "andrzej won by resignation"]

1. e4 c5 2. Nc3 e6 3. f4 d5 4. d3 d4 5. Nce2 Nc6 6. Nf3 f5 7.
g3 Nh6 8. Bg2 Be7 9. O-O O-O 10. Re1 Kh8 11. c3 fxe4 12. dxe4 d3 13. Be3 dxe2 14. Qxe2 Ng4 15. Rad1 Qb6 16. Bc1 c4+ 17.
Nd4 e5 18. fxe5 Rf2 19. Qxc4 Ncxe5 20. Qa4 Bd7 21. Qb3 Raf8 22. Bf4 Bc5 23. Kh1 R2xf4 24. gxf4 Nf2+ 25. Kg1 Nxd1 26. Rxd1 Rxf4 27. Qd5 Qd6 28. Qxd6 Bxd6 29. Ne2 Rf6 30. b4 Bg4 31. Rd2 Bxe2 32. Rxe2 b5 33. Rd2 Kg8 34. h4 Kf7 35. Rd5 a6 36.
Bh3 Ke7 37. a4 Nf3+ 38. Kg2 Nxh4+ 39. Kg1 Nf3+ 40. Kg2 bxa4 41. Ra5 Nh4+ 42. Kg1 Rg6+ 43. Kf2 Rf6+ 44. Ke3 Rf3+ 45. Kd4 Rxh3 46. e5 Nf3+ 47. Ke4 Nxe5 48. Rxa6 Ke6 49. b5 Rxc3 50. b6 Rb3 51.
Kd4 a3 52. b7 Rxb7 53. Ke4 Rb4+ 54. Ke3 Rb3+ 55. Kd2 Rb2+ 56. Kc3 Rh2 57. Kb3 a2 58. Rxa2 Rxa2 59. Kxa2 Kd5 60. Kb3 h5 61. Kc2 h4 0-1

[Event "*** Titled Tuesday Blitz"]
[Site "Chess.com"]
[Date "2020.11.24"]
[Round "3"]
[White "Angel_Hranitel_37"]
[Black "Zarinur"]
[Result "0-1"]
[WhiteElo "2480"]
[BlackElo "2231"]
[TimeControl "180+1"]
[EndTime "10:45:38 PST"]
[Termination "Zarinur won by checkmate"]

1. d4 Nf6 2. Nf3 d5 3. c4 e6 4. g3 dxc4 5. Bg2 Bd7 6. Ne5 Nc6 7. Nxd7 Qxd7 8. O-O Be7 9. e3 O-O 10. Qe2 b5 11. a4 a6 12. Nc3 Rab8 13. axb5 axb5 14.
Rd1 Nb4 15. Ne4 Nd3 16. Ra7 Nd5 17. Nc3 Ra8 18. Rxa8 Rxa8 19. Qg4 Nxc3 20. bxc3 Ra1 21. Bd2 Ra2 22. Qh5 b4 23. cxb4 Qa4 24. Be4 g6 25.
Qe2 Qc2 26. Bxd3 cxd3 27. Qe1 Bd6 28. Bc3 Ra3 29. Rc1 Qa2 30. e4 Qb3 31. d5 exd5 32. exd5 Qxd5 33. b5 Rb3 34. Qe8+ Bf8 35. Qe3 Rxc3 36.
Rxc3 d2 37. Rd3 d1=Q+ 38. Rxd1 Qxd1+ 39. Kg2 Qd5+ 40. f3 Qxb5 41. h4 c5 42. h5 c4 43.
h6 Qb2+ 44. Kh3 c3 45. Qe5 Qd2 46. f4 c2 47. f5 c1=Q 48. fxg6 Qh1+ 49. Kg4 Qdd1+ 50.
Kf4 Bd6 51. gxh7+ Kxh7 52. g4 Bxe5+ 53. Kf5 Qdf3+ 54. Kg5 Qf4# 0-1

[Event "*** Titled Tuesday Blitz"]
[Site "Chess.com"]
[Date "2020.11.24"]
[Round "3"]
[White "Dave_ChessMate"]
[Black "Pikachess999"]
[Result "1/2-1/2"]
[WhiteElo "2464"]
[BlackElo "2355"]
[TimeControl "180+1"]
[EndTime "10:45:38 PST"]
[Termination "Game drawn by repetition"]

1. d4 d5 2. c4 dxc4 3. e3 Nf6 4. Bxc4 a6 5. a4 c5 6. Nf3 Bg4 7. Bxf7+ Kxf7 8. Ne5+ Kg8 9. Nxg4 cxd4 10. Nxf6+ gxf6 11. exd4 Nc6 12. Qg4+ Kf7 13. Qh5+ Kg8 14. Be3 e5 15. dxe5 Qa5+ 16. Nc3 Qxe5 17. Qg4+ Kf7 18. Rd1 Rg8 19. Qc4+ Qe6 20. Rd7+ Be7 21. Qxe6+ Kxe6 22. Rxb7 Rxg2 23. Ke2 Rb8 24. Rxb8 Nxb8 25. Ne4 Rg4 26. Kf3 f5 27.
Nc5+ Bxc5 28. Bxc5 Rxa4 29. Re1+ Kd5 30. Ba3 Nc6 31.
Rd1+ Rd4 32. Rxd4+ Nxd4+ 33. Kf4 Ke6 34. Kg5 Nf3+ 35. Kh6 Nxh2 36. Kxh7 f4 37. Kg6 Ke5 38. Kg5 f3 39. Bc5 Nf1 40. Kg4 Ke4 41. b4 Nd2 42. Bf8 Nb1 43. Bc5 Nc3 44. Bf8 Nd5 45. Bc5 Nc3 46.
Bf8 Na4 47. Be7 Nb6 48. Bc5 Nd5 49. Kg3 Nc3 50. Kg4 Nb1 51. Bf8 Nd2 52. Bc5 Nb3 53.
Bf8 Nd2 54. Bc5 Nb3 55. Bf8 Nd2 1/2-1/2

[Event "*** Titled Tuesday Blitz"]
[Site "Chess.com"]
[Date "2020.11.24"]
[Round "3"]
[White "Sharpchess22"]
[Black "vaishali2001"]
[Result "1-0"]
[WhiteElo "2811"]
[BlackElo "2589"]
[TimeControl "180+1"]
[EndTime "10:45:41 PST"]
[Termination "Sharpchess22 won by resignation"]

1. d4 Nf6 2. Nf3 g6 3. Bf4 Bg7 4. e3 O-O 5. h3 d5 6. Be2 c5 7. c3 Nc6 8. Nbd2 Nd7 9. Bh2 e5 10. dxe5 Ndxe5 11. O-O Nxf3+ 12. Nxf3 Be6 13. Qb3 Qe7 14. Qa3 h6 15. Rfd1 Rfd8 16. Rd2 a6 17.
Rad1 b5 18. Ne1 Bf8 19. Bf3 Ra7 20. Bxd5 Rad7 21. e4 Bxd5 22. exd5 Rxd5 23. Rxd5 Rxd5 24. Rc1 Qe2 25. Bg3 Rd1 26. Rxd1 Qxd1 27. Kf1 a5 28. Qb3 Qxb3 29. axb3 c4 30. bxc4 bxc4 31. Nc2 Bc5 32. Ke2 f5 33. h4 Kf7 34. Bf4 h5 35. Be3 Bd6 36. Bb6 Ke6 37. Ne3 Ne5 38. Bd4 f4 39.
Bxe5 fxe3 40. Bxd6 Kxd6 41. Kxe3 Ke5 42. f3 Kf5 43. g3 Ke5 44. g4 a4 45. gxh5 gxh5 46. f4+ Kf5 47. Kf3 Kf6 48. Ke4 Ke6 49. f5+ Kd6 50.
Kd4 Ke7 51. Ke5 Kf7 52. f6 Kf8 53. Ke6 Ke8 54. Kf5 Kf7 55. Kg5 Ke6 56. Kg6 a3 57.
bxa3 1-0

[Event "*** Titled Tuesday Blitz"]
[Site "Chess.com"]
[Date "2020.11.24"]
[Round "3"]
[White "sara_khm"]
[Black "pheonixking2000"]
[Result "0-1"]
[WhiteElo "2574"]
[BlackElo "2797"]
[TimeControl "180+1"]
[EndTime "10:45:41 PST"]
[Termination "pheonixking2000 won by resignation"]

1. d4 Nf6 2. c4 e6 3. Nf3 d5 4.
Nc3 c6 5. e3 Nbd7 6. b3 b6 7.
Bb2 Bb7 8. Bd3 Bd6 9. O-O O-O 10. Qe2 Qe7 11. Rad1 Rfe8 12. Rfe1 Rad8 13. e4 dxe4 14.
Nxe4 Nxe4 15. Bxe4 Nf8 16. Ne5 Qc7 17. c5 bxc5 18. dxc5 Bxc5 19. Rc1 Bd6 20. Bxc6 Bxc6 21. Rxc6 Qb8 22. Rc4 Qb7 23. Rec1 Rc8 24. Nc6 Ng6 25.
b4 a6 26. a4 e5 27. h4 f6 28. h5 Nf4 29. Qg4 Rc7 30. h6 g6 31. Na5 Qc8 32.
Qxc8 Rexc8 33. Rxc7 Rxc7 34. Rxc7 Bxc7 35. Nc6 Kf7 36. b5 axb5 37. axb5 Nd5 38. g3 Bb6 39. Kg2 Nc7 40. Nd8+ Ke8 41. Nb7 Nxb5 42. f4 Bd4 43. Bxd4 exd4 44. Kf3 f5 45. g4 Kd7 46. gxf5 gxf5 47. Nc5+ Kd6 48. Nd3 Nc7 49. Ne5 Nd5 50. Nf7+ Kc5 51. Ng5 Nf6 52. Ke2 Kc4 53. Nf3 Kc3 54.
Ne5 Ne4 55. Nd3 Ng3+ 0-1

[Event "*** Titled Tuesday Blitz"]
[Site "Chess.com"]
[Date "2020.11.24"]
[Round "3"]
[White "dpopadic"]
[Black "crazy_but_lazy"]
[Result "0-1"]
[WhiteElo "2330"]
[BlackElo "2445"]
[TimeControl "180+1"]
[EndTime "10:45:41 PST"]
[Termination "crazy_but_lazy won on time"]

1. e4 e6 2. Nf3 d5 3. e5 c5 4. b4 cxb4 5. d4 Nc6 6. a3 bxa3 7. c3 Nge7 8. Bd3 Bd7 9. Nxa3 a6 10. O-O Nc8 11. Ng5 g6 12. Qf3 Qe7 13. Nc2 h6 14. Nh3 Nb6 15. Nf4 O-O-O 16. Qe2 Kc7 17. Ba3 Qg5 18. Bc1 Qe7 19. Rb1 Na5 20. Ba3 Qg5 21.
Bc1 Qe7 22. Bxa6 Nbc4 23. Bxc4 Nxc4 24. Nd3 b6 25. Ne3 Nxe3 26. fxe3 Ra8 27. Nb4 Qe8 28. Rf2 Bxb4 29. Rxb4 Ra1 30. Qb2 Ra6 31. c4 Bc6 32.
Rc2 Kb7 33. Qc3 Qd7 34. h3 dxc4 35. Rxc4 b5 36. Rc5 Rc8 37. e4 Bxe4 38. Rxc8 Bxc2 39. Rc5 Ba4 40. d5 exd5 41. Be3 Rc6 42. Kh2 Rxc5 43. Qxc5 d4 44. Bxd4 Qc7 45. Qa7+ Kc8 46. Qa8+ Kd7 47.
Qd5+ Ke7 48. Bc5+ Ke8 49. Bd6 Qc8 0-1

[Event "*** Titled Tuesday Blitz"]
[Site "Chess.com"]
[Date "2020.11.24"]
[Round "3"]
[White "SARGISMV"]
[Black "esteban062000"]
[Result "1-0"]
[WhiteElo "2498"]
[BlackElo "2209"]
[TimeControl "180+1"]
[EndTime "10:45:42 PST"]
[Termination "SARGISMV won by checkmate"]

1. b3 d5 2. Bb2 Nc6 3. f4 Nf6 4. Nf3 Bf5 5. e3 e6 6. Bb5 Bd6 7. Ne5 Bxe5 8. Bxc6+ bxc6 9. Bxe5 Bg4 10. Qc1 Ne4 11.
O-O Qh4 12. d3 Nf6 13. Nd2 Be2 14. Qe1 Qh5 15. Rf2 Ng4 16. h3 Nxf2 17. Kxf2 Bxd3 18.
cxd3 Qh4+ 19. Kg1 Qe7 20. Bxg7 Rg8 21. Bb2 Kd7 22. Nf3 f6 23. Rc1 Qg7 24. Rc2 Qg3 25.
Qxg3 Rxg3 26. Bxf6 Rag8 27. Bg5 h6 28. Ne5+ Kc8 29.
Kf2 Rxg2+ 30. Kxg2 hxg5 31. fxg5 Rxg5+ 32. Ng4 Kd7 33. Kf3 Rg8 34. Ne5+ Ke7 35. Nxc6+ Kd6 36. Nd4 Rf8+ 37. Kg3 c5 38. Nf3 Rg8+ 39. Kh2 Rf8 40. Rf2 Rf7 41. h4 Rh7 42. Kh3 a5 43. Kg4 a4 44. h5 Rg7+ 45. Ng5 axb3 46. axb3 Rb7 47. h6 Rxb3 48. h7 Rb4+ 49. Rf4 Rb8 50. h8=Q Rxh8 51. Nf7+ Ke7 52. Nxh8 e5 53. Rf5 Ke6 54. Ng6 c4 55. Rxe5+ Kd6 56. dxc4 dxc4 57. Ra5 Kc6 58. Ne5+ Kb6 59.
Nxc4+ Kc6 60. Kf4 Kb7 61. Rd5 Kc7 62. e4 Kc6 63. Ne3 Kc7 64. e5 Kc6 65. e6 Kc7 66. e7 Kc6 67. e8=Q+ Kc7 68. Qe6 Kb7 69. Rd7+ Kc8 70.
Qe8# 1-0

[Event "*** Titled Tuesday Blitz"]
[Site "Chess.com"]
[Date "2020.11.24"]
[Round "3"]
[White "Smirnov_Pavel"]
[Black "HaryKane"]
[Result "1-0"]
[WhiteElo "2821"]
[BlackElo "2602"]
[TimeControl "180+1"]
[EndTime "10:45:43 PST"]
[Termination "Smirnov_Pavel won by checkmate"]

1. d4 e6 2. Nf3 f5 3. g3 Nf6 4.
Bg2 d5 5. O-O Bd6 6. c4 c6 7.
Nc3 O-O 8. Qc2 Bd7 9. Rb1 Ne4 10. c5 Bc7 11. Nxe4 fxe4 12. Bg5 Qc8 13. Ne5 Rf5 14. f4 exf3 15. Nxf3 e5 16. dxe5 Na6 17. Bf4 Qf8 18. Nd4 Nxc5 19. b4 Ne4 20. Bxe4 dxe4 21. Qc4+ Kh8 22. Nxf5 Qxf5 23. Be3 Qxe5 24. Qf7 Be6 25. Qe7 Qd6 26. Qh4 Bb6 27. Bxb6 axb6 28. Qxe4 Bd5 29.
Qd4 Qe6 30. Rf2 h6 31. Rbf1 Rxa2 32. Rf6 Qxe2 33. Rf8+ Kh7 34. R8f2 Qe6 35. Rxa2 Bxa2 36. Qxb6 Bd5 37. Qd4 b5 38. Kf2 Qf5+ 39. Kg1 Qc2 40.
Qf2 Qe4 41. Qf5+ Qxf5 42. Rxf5 Kg6 43. Rf4 Kg5 44. Kf2 Kh5 45. Ke3 g5 46. Rf6 Bh1 47. Kd4 Bd5 48. Kc5 Bg2 49. Rd6 g4 50. Rxc6 Bxc6 51. Kxc6 Kg5 52. Kxb5 Kf5 53. Kc5 Ke4 54.
b5 Kf3 55. b6 Kg2 56. b7 Kxh2 57. b8=Q h5 58. Qf4 Kh3 59. Kd4 h4 60. gxh4 Kxh4 61. Ke3 Kh3 62. Kf2 g3+ 63. Qxg3# 1-0

[Event "*** Titled Tuesday Blitz"]
[Site "Chess.com"]
[Date "2020.11.24"]
[Round "3"]
[White "anemih"]
[Black "IriBu"]
[Result "1-0"]
[WhiteElo "2352"]
[BlackElo "2504"]
[TimeControl "180+1"]
[EndTime "10:45:44 PST"]
[Termination "anemih won by resignation"]

1. e4 c5 2. c3 Nf6 3. e5 Nd5 4. d4 cxd4 5. Nf3 Nc6 6. cxd4 d6 7. exd6 e6 8. Nc3 Bxd6 9. Bd3 Nce7 10. O-O Nxc3 11.
bxc3 Ng6 12. Qe2 O-O 13. g3 Re8 14. h4 e5 15. h5 exd4 16. Qc2 Nf8 17. cxd4 Bg4 18.
Ng5 g6 19. hxg6 hxg6 20. Bc4 Ne6 21. Nxe6 Bxe6 22. Bxe6 Rxe6 23. d5 Re5 24. Rd1 Rc8 25.
Qb3 Bc5 26. Bf4 Re2 27. Rf1 Qe7 28. Rad1 Bd6 29. Bxd6 Qxd6 30. Qf3 Rcc2 31. Rc1 b5 32. Rxc2 Rxc2 33. Re1 Rc8 34. Qb3 a6 35. a4 Qd7 36.
axb5 axb5 37. d6 Qxd6 38. Qxb5 Kg7 39. Qb2+ Kh7 40. Kg2 Qc6+ 41. f3 Qc2+ 42. Qxc2 Rxc2+ 43. Kh3 f5 44. f4 Kh6 45. Re8 Rc1 46. Rh8+ Kg7 47.
Rd8 Kf6 48. Kg2 Rc2+ 49. Kg1 Ke7 50. Rg8 Ke6 51. Rxg6+ Kd5 52. Rf6 Ke4 53. Re6+ Kf3 54. Re1 Kxg3 55. Rf1 Rg2+ 56. Kh1 Re2 57. Kg1 Re4 58.
Rf2 Re1+ 59. Rf1 Re4 60. Rf2 Rd4 61. Rf1 Rd2 62. Kh1 Rg2 63. Rc1 Kf3 64. Rc3+ 1-0

[Event "*** Titled Tuesday Blitz"]
[Site "Chess.com"]
[Date "2020.11.24"]
[Round "3"]
[White "Sergey85Rodchenkov"]
[Black "BJthechessgod"]
[Result "1-0"]
[WhiteElo "2447"]
[BlackElo "2231"]
[TimeControl "180+1"]
[EndTime "10:45:44 PST"]
[Termination "Sergey85Rodchenkov won on time"]

1. e4 c5 2. Nf3 Nc6 3. d4 cxd4 4. Nxd4 g6 5. Nc3 Bg7 6. Nb3 Nf6 7. Be2 O-O 8. O-O d6 9. Re1 Be6 10. Bg5 Qc8 11.
Qd2 Rd8 12. Rad1 d5 13. exd5 Nxd5 14. Nxd5 Rxd5 15. Qc1 Qd7 16. c4 Rxd1 17. Rxd1 Qc7 18. Nc5 Bf5 19. Be3 Ne5 20. b3 b6 21. Nd3 Nxd3 22.
Bxd3 Bxd3 23. Rxd3 Rd8 24. Qd2 Rxd3 25. Qxd3 Qd6 26.
Qxd6 exd6 27. f3 Be5 28. h3 Kf8 29. Kf2 Ke7 30. Ke2 Kd7 31. Kd3 Kc6 32. g4 f5 33.
a4 a6 34. gxf5 gxf5 35. Bd2 b5 36. cxb5+ axb5 37. Bb4 bxa4 38. bxa4 d5 39. Bc3 Bg3 40. Bd4 Bc7 41. Ke3 Kd6 42. Kf4 Ke6+ 43. Kg5 Be5 44. Bf2 d4 45. a5 d3 46. Be3 Bd4 47. Bd2 Ba7 48. f4 h6+ 49. Kxh6 Kd5 50. Kg5 Ke4 51.
a6 Be3 52. Ba5 Bc5 53. h4 Ba7 54. h5 Kf3 55. h6 Be3 56. h7 Bxf4+ 57. Kg6 Be5 58.
a7 Bc7 59. Bc3 1-0

[Event "*** Titled Tuesday Blitz"]
[Site "Chess.com"]
[Date "2020.11.24"]
[Round "3"]
[White "Sebastian"]
[Black "temus_galaktionov"]
[Result "1-0"]
[WhiteElo "2914"]
[BlackElo "2681"]
[TimeControl "180+1"]
[EndTime "10:45:45 PST"]
[Termination "Sebastian won on time"]

1. e4 c6 2. d4 g6 3. Nc3 Bg7 4. f4 d6 5. Nf3 Nd7 6. Be3 e5 7. Bc4 Ngf6 8. fxe5 dxe5 9. dxe5 Ng4 10. Bxf7+ Kxf7 11. Ng5+ Ke8 12. Qxg4 Nxe5 13. Qg3 Nc4 14. Rd1 Qe7 15.
O-O Nxb2 16. Rf7 Qe5 17. Rxg7 Qxg7 18. Bd4 Qe7 19. Bxh8 Nxd1 20. Nxd1 Be6 21. Ne3 Rd8 22. h3 Kd7 23. Bd4 b6 24. Qf4 Rf8 25. Qe5 h6 26.
Nf3 Bxa2 27. Qg3 Kc8 28. Be5 Qe6 29. Kh2 Kb7 30. Nd4 Qf7 31. Bd6 Rd8 32. e5 c5 33. Nf3 Be6 34. Qh4 h5 35. Qxd8 Ka6 36. Qg5 c4 37. Qf6 Qd7 38. Nd4 Bg8 39. Qf4 b5 40. Qe4 Ka5 41. Bc5 a6 42. Nc6+ Ka4 43. Qd4 Qxc6 44. Bd6 b4 45. Qa1+ Kb5 46. Qd4 a5 47.
Qa7 Be6 48. Qb8+ Ka4 49. Qa7 c3 50. Bc7 Qb5 51. Bd6 Ka3 52. Qd4 a4 53. Qxc3+ Ka2 54.
Bxb4 1-0

[Event "*** Titled Tuesday Blitz"]
[Site "Chess.com"]
[Date "2020.11.24"]
[Round "3"]
[White "Chessbard1972"]
[Black "esrosenberg"]
[Result "0-1"]
[WhiteElo "2337"]
[BlackElo "2146"]
[TimeControl "180+1"]
[EndTime "10:45:49 PST"]
[Termination "esrosenberg won by checkmate"]

1. d4 Nf6 2. Nf3 e6 3. c4 d5 4. g3 Be7 5. Bg2 O-O 6. O-O dxc4 7.
Qa4 a6 8. Qxc4 b5 9. Qc2 Bb7 10. Rd1 Nc6 11. a3 Na5 12. Bf4 Nc4 13. b3 Be4 14.
Qc3 Nd5 15. Qc1 Nxf4 16. gxf4 Nd6 17. Nc3 Bb7 18. e3 Ra7 19. Qc2 Qa8 20. Ne1 Bxg2 21. Nxg2 f5 22. d5 Rf6 23. Kf1 Rg6 24. f3 Bf6 25. Rac1 Rh6 26. Ne1 Bxc3 27. Qxc3 Rxh2 28. dxe6 Qe8 29. Qe5 Qh5 30. Rc2 Qh3+ 31. Rg2 Rxg2 32.
Nxg2 Qxf3+ 33. Ke1 Qxg2 34. e7 Qg1+ 35. Ke2 Qg2+ 36.
Ke1 Ra8 37. Qe6+ Kh8 38. Rxd6 Qg1+ 39. Kd2 Qf2+ 40. Kd3 Qf1+ 41. Kc3 Qc1+ 42. Kd4 Qd2+ 43. Ke5 Qxd6+ 44. Qxd6 cxd6+ 45. Kxd6 h5 46. Kd7 h4 47. e8=Q+ Rxe8 48. Kxe8 h3 49. Kd7 h2 50. Ke6 h1=Q 51.
Kxf5 Qf3 52. e4 Qxb3 53. Ke5 Qxa3 54. f5 Qe7+ 55. Kd5 b4 56. e5 b3 57. e6 b2 58. f6 gxf6 59. Ke4 Qxe6+ 60. Kd4 Qe5+ 61.
Kd3 b1=Q+ 62. Kd2 Qbb2+ 63. Kd3 Qed4# 0-1